 Dungeon Crawl Stone Soup version 0.19.4-8-ga85b6b9 (webtiles) character file.

255 Mefis the Magician (level 5, 0/28 HPs)
             Began as a Deep Elf Wizard on Feb 12, 2017.
             Was an Initiate of Sif Muna.
             Slain by a wight
             ... wielding a +2 hand axe of freezing
              (5 damage)
             ... on level 4 of the Dungeon.
             The game lasted 00:07:00 (4252 turns).

Mefis the Magician (Deep Elf Wizard)                Turns: 4252, Time: 00:07:00

Health: 0/28       AC:  5    Str:  4    XL:     5   Next: 91%
Magic:  6/15       EV: 13    Int: 24    God:    Sif Muna [......]
Gold:   157        SH:  0    Dex: 13    Spells: 6 memorised, 3 levels left

rFire  . . .     SeeInvis .     r - +1 falchion (slice)
rCold  . . .     Gourm    .     a - +0 robe
rNeg   . . .     Faith    .     (no shield)
rPois  .         Spirit   .     b - +0 hat
rElec  .         Reflect  .     t - +2 cloak
rCorr  .         Harm     .     (no gloves)
MR     .....                    (no boots)
Stlth  ++........               (no amulet)
                                (no ring)
                                (no ring)

@: very slightly contaminated, repel missiles
A: no striking features
a: Renounce Religion


You were on level 4 of the Dungeon.
You worshipped Sif Muna.
Sif Muna was noncommittal.
You were hungry.

You visited 1 branch of the dungeon, and saw 4 of its levels.

You collected 157 gold pieces.

Inventory:

Hand Weapons
 i - a +0 short sword
 k - a +0 spear
 l - a +0 hunting sling
 r - a +1 falchion of slicing (weapon)
 A - the +9 heavy crossbow "Sniper" {velocity, nevermiss, SInv}
   (You found it on level 4 of the Dungeon)

   Any bolt fired from it inflicts extra damage.
   It lets you see invisible.
Missiles
 e - 4 needles of paralysis
 p - 4 curare-tipped needles
 q - 12 poisoned needles
Armour
 a - a +0 robe (worn)
 b - a +0 hat (worn)
 t - a +2 cloak (worn)
Jewellery
 y - an uncursed ring of ice
Scrolls
 f - 3 scrolls of remove curse {unknown}
 h - a scroll of enchant weapon {unknown}
 o - a scroll of noise {unknown}
 s - 2 scrolls of fear {unknown}
 u - 2 scrolls of recharging {unknown}
 v - a scroll of identify {unknown}
 w - a scroll of amnesia {unknown}
 z - a scroll of teleportation {unknown}
 B - a scroll of immolation {unknown}
Potions
 g - 2 potions of agility {unknown}
 j - a potion of degeneration {unknown}
 x - a potion of resistance {unknown}
 C - 2 potions of berserk rage {unknown}
Books
 c - a book of Minor Magic

   Spells                             Type                      Level
   a - Magic Dart                     Conjuration                  1
   b - Blink                          Translocation                2
   c - Call Imp                       Summoning                    2
   d - Repel Missiles                 Charms/Air                   2
   e - Slow                           Hexes                        2
   f - Conjure Flame                  Conjuration/Fire             3
   g - Mephitic Cloud                 Conjuration/Poison/Air       3
Comestibles
 d - 3 bread rations
 m - a beef jerky
 n - 2 meat rations


   Skills:
 + Level 3.5 Dodging
 + Level 3.6 Stealth
 * Level 6.2 Spellcasting
 + Level 2.7 Conjurations
 + Level 0.0 Charms
 + Level 1.1 Summonings
 - Level 1.1 Translocations
 + Level 1.7 Air Magic
 - Level 2.0 Poison Magic


You had 3 spell levels left.
You knew the following spells:

 Your Spells              Type           Power        Failure   Level  Hunger
a - Magic Dart            Conj           ###.         2%          1    None
b - Call Imp              Summ           ##......     10%         2    None
c - Blink                 Tloc           N/A          10%         2    None
d - Repel Missiles        Chrm/Air       ##....       12%         2    None
e - Mephitic Cloud        Conj/Pois/Air  ###.....     12%         3    #......
f - Conjure Flame         Conj/Fire      ##......     17%         3    #......


Dungeon Overview and Level Annotations

Branches:
Dungeon (4/15)             Temple (0/1) D:4

Altars:
Gozag
Okawaru
Sif Muna
Zin


Message History

The wight hits your crimson imp with a hand axe of freezing!
The wight freezes your crimson imp.
Your crimson imp hits the wight.
You open the door.
The wight closely misses your crimson imp.
Your crimson imp hits the wight but does no damage.
Found 5 gold pieces.
Found an opulent altar of Gozag.
Found a gold piece.
Found a glowing silver altar of Zin.
There is an open door here.
You now have 157 gold pieces (gained 2).
You swap places.
There is an open door here.
Casting: Conjure Flame
Confirm with . or Enter, or press ? or * to list all spells.
You blink.
The wight hits you with a battleaxe of flaming!
Ouch! That really hurt!
The wight burns you.
* * * LOW HITPOINT WARNING * * *
The wight hits you with a hand axe of freezing.
You die...

#.#########.#.
#.#.z..zz...#.
##########.#z#######.#.
#..$$$..##.#5#.........
#._..._.##.#.#.######..
#.......##.#.# #.....>
##.....###.#.#....####.
###5###.'....## ...
#.z@zz#.#...# ###.
#.....+.#...# ..
#.....###.#.# #.
#.....# #.#.# #.
#.....# #.#.# #.....#
#.#.# ###+### ..


You could see 3 wights and a friendly crimson imp.

Vanquished Creatures
  An orc priest (D:3)
  An orc wizard (D:3)
  Terence (D:2)
  A gnoll (D:1)
  6 adders
  An ooze (D:3)
  An adder skeleton (D:4)
  2 worms (D:2)
  3 dart slugs
  3 leopard geckos
  9 orcs (D:3)
  6 giant cockroaches
  7 hobgoblins
  10 jackals
  2 quokkas
  6 bats
  2 frilled lizards
  7 goblins
  6 kobolds
  11 rats
86 creatures vanquished.

Notes
Turn   | Place    | Note
-------+----------+-------------------------------------------
     0 | D:1      | Mefis the Deep Elf Wizard began the quest for the Orb.
     0 | D:1      | Reached XP level 1. HP: 10/10 MP: 7/7
   325 | D:1      | Reached XP level 2. HP: 15/15 MP: 7/9
   334 | D:1      | Learned a level 2 spell: Call Imp
   337 | D:1      | Learned a level 2 spell: Blink
   340 | D:1      | Learned a level 2 spell: Repel Missiles
   891 | D:1      | Reached skill level 5 in Spellcasting
  1077 | D:1      | Reached XP level 3. HP: 19/19 MP: 2/11
  1082 | D:1      | Learned a level 3 spell: Mephitic Cloud
  1783 | D:2      | Reached skill level 1 in Poison Magic
  1855 | D:2      | Found an iron altar of Okawaru.
  1917 | D:2      | Reached XP level 4. HP: 24/24 MP: 7/13
  1977 | D:2      | Noticed Terence
  2019 | D:2      | Learned a level 3 spell: Conjure Flame
  2024 | D:2      | Killed Terence
  2024 | D:2      | Reached skill level 1 in Air Magic
  2941 | D:3      | Reached XP level 5. HP: 28/28 MP: 9/15
  3436 | D:3      | Reached skill level 6 in Spellcasting
  3956 | D:4      | Found a deep blue altar of Sif Muna.
  3959 | D:4      | Became a worshipper of Sif Muna the Loreminder
  4170 | D:4      | Found a staircase to the Ecumenical Temple.
  4243 | D:4      | Found an opulent altar of Gozag.
  4244 | D:4      | Found a glowing silver altar of Zin.
  4252 | D:4      | Slain by a wight

Skill      XL: |  1  2  3  4  5 |
---------------+----------------+-----
Conjurations   | 2 |  2.7
Spellcasting   | 5 6 |  6.2
Poison Magic   | 1 2 |  2.0
Stealth        | 3 |  3.6
Dodging        | 3 |  3.5
Air Magic      | 1 |  1.7
Summonings     | |  1.1
Translocations | |  1.1

Action                   |  1- 3 |  4- 6 || total
-------------------------+-------+-------++-------
Melee: Unarmed           |     3 |       ||     3
       Falchion          |       |     7 ||     7
 Cast: Magic Dart        |   103 |   129 ||   232
       Repel Missiles    |     1 |     1 ||     2
       Conjure Flame     |       |     4 ||     4
       Mephitic Cloud    |       |     2 ||     2
       Blink             |       |     2 ||     2
       Call Imp          |       |     1 ||     1
 Stab: Sleeping          |       |     1 ||     1
  Eat: Chunk             |     3 |     6 ||     9
Armor: Robe              |     2 |     6 ||     8
Dodge: Dodged            |    12 |    23 ||    35
       Deflected         |     1 |     1 ||     2
       Rpst.: Falchion   |     2 |     7 ||     9
